 Dungeon Crawl Stone Soup version 0.13-a0-2318-gf5ad1f9 (webtiles) character file.

235 Kae the Ruinous (level 4, -2/24 HPs)
             Began as a Tengu Fire Elementalist on July 10, 2013.
             Asphyxiated
             ... on Level 3 of the Dungeon.
             The game lasted 00:04:22 (3216 turns).

Kae the Ruinous (Tengu Fire Elementalist)           Turns: 3216, Time: 00:04:22

HP  -2/24        AC  2     Str  8      XL: 4   Next: 89%
MP   4/8         EV 12     Int 17      God:
Gold 126         SH  0     Dex 14      Spells:  3 memorised,  0 levels left

Res.Fire  : . . .   See Invis. : .   (no weapon)
Res.Cold  : . . .   Warding    : .   a - +0 robe
Life Prot.: . . .   Conserve   : .   (no shield)
Res.Poison: .       Res.Corr.  : .   (helmet restricted)
Res.Elec. : .       Clarity    : .   (no cloak)
Sust.Abil.: . .     Spirit.Shd : .   (no gloves)
Res.Mut.  : .       Stasis     : .   (boots unavailable)
Res.Rott. : .       Flight     : .   (no amulet)
Saprovore : . . .                    (no ring)
                                     (no ring)

@: short of breath, very poisoned, slowed, very slow, slightly resistant to
hostile enchantments, fairly stealthy
A: beak, talons 3
a: no special abilities


You were on level 3 of the Dungeon.
You were not hungry.

You visited 1 branch of the dungeon, and saw 3 of its levels.

You collected 106 gold pieces.

Inventory:

Armour
 a - a +0 robe (worn)
Comestibles
 c - 2 bread rations
Scrolls
 d - 2 scrolls of identify {unknown}
 f - 2 scrolls of recharging {unknown}
 g - 2 scrolls of amnesia {unknown}
 h - a scroll of enchant weapon I {unknown}
 i - a scroll of remove curse {unknown}
 n - a scroll of fog {unknown}
 o - a scroll of curse armour {unknown}
 p - a scroll of blinking {unknown}
 q - a scroll of teleportation {unknown}
Potions
 e - a potion of might {unknown}
 j - 2 potions of heal wounds {unknown}
 k - a potion of magic {unknown}
 l - 2 potions of curing {unknown}
 m - 2 potions of flight {unknown}
Books
 b - a book of Flames

   Spells                             Type                      Level
   *Flame Tongue                      Conjuration/Fire             1
   *Throw Flame                       Conjuration/Fire             2
   *Conjure Flame                     Conjuration/Fire             3
   Inner Flame                        Hexes/Fire                   3
   Sticky Flame                       Conjuration/Fire             4
   Fireball                           Conjuration/Fire             5


   Skills:
 - Level 2.1 Dodging
 - Level 2.0 Stealth
 + Level 1.7 Spellcasting
 * Level 4.5 Conjurations
 * Level 4.2 Fire Magic


You couldn't memorise any spells.
You knew the following spells:

 Your Spells              Type           Power        Failure   Level  Hunger
a - Flame Tongue          Conj/Fire      ###..        3%          1    #......
b - Throw Flame           Conj/Fire      ###...       6%          2    ###....
c - Conjure Flame         Conj/Fire      ###.....     12%         3    ####...


Dungeon Overview and Level Annotations

Branches:
Dungeon (3/27)

Altars:

Annotations
D:1 1 exclusion


Innate Abilities, Weirdness & Mutations

You have a beak for a mouth.
You have claws for feet.


Message History

The kobold shoots a curare-tipped needle.
The curare-tipped needle hits you!
You are more poisoned.
You have difficulty breathing.
You feel as though you will be slow longer.
Casting: Throw Flame
Confirm with . or Enter, or press ? or * to list all spells.
Aiming: Throw Flame
Press: ? - help, Shift-Dir - straight line, f/p - kobold
Aim: a kobold, wielding a blowgun The puff of flame misses the kobold.
* * * LOW HITPOINT WARNING * * *
You feel sick.
The kobold shoots a curare-tipped needle.
The curare-tipped needle misses you.
The kobold shoots a curare-tipped needle.
The curare-tipped needle hits you!
You are more poisoned.
You have difficulty breathing.
You die...

#.. ..( #.#
#.. #..%....
#.# #...#
#.......$ #.#
#...#
#......... #.#
#...#
#........K#
#.# #...#
#.........#
#.# #...#
#.........#
#<# #...#
#.........#
#.# #...#
#..@......#
#.###...#
#.........#
#.......#
#%.......[#
#.......#
#.........#
#.......#
#.........###
#..###..#
#.............
#..# #..#
#.............
#..# #..#
#..######.####
#..# #..# #..#
.#


You could see a kobold.

Vanquished Creatures
  4 adders
  2 worms (D:2)
  2 oozes (D:1)
  7 bats
  6 giant cockroaches
  8 hobgoblins
  4 jackals (D:1)
  10 kobolds
  A quokka (D:3)
  6 goblins (D:1)
  10 rats
60 creatures vanquished.

Vanquished Creatures (others)
  A rat (D:2)
1 creature vanquished.

Grand Total: 61 creatures vanquished

Notes
Turn   | Place    | Note
--------------------------------------------------------------
     0 | D:1      | Kae, the Tengu Fire Elementalist, began the quest for the Orb.
     0 | D:1      | Reached XP level 1. HP: 10/10 MP: 3/3
   342 | D:1      | Reached XP level 2. HP: 10/15 MP: 3/5
  1031 | D:1      | Reached XP level 3. HP: 17/19 MP: 4/7
  2124 | D:2      | Reached XP level 4. HP: 20/24 MP: 6/8
  2205 | D:2      | Reached skill level 4 in Fire Magic
  3142 | D:3      | Learned a level 2 spell: Throw Flame
  3146 | D:3      | Learned a level 3 spell: Conjure Flame
  3216 | D:3      | Asphyxiated

Action                   |  1- 3 |  4- 6 || total
-------------------------+-------+-------++-------
Melee: Unarmed           |    71 |     6 ||    77
 Cast: Flame Tongue      |    64 |    35 ||    99
       Throw Flame       |       |     2 ||     2
 Stab: Distracted        |     1 |       ||     1
       Sleeping          |     1 |       ||     1
